 Dungeon Crawl Stone Soup version 0.27.0-1-g7a089689b8 (webtiles) character file.

Game seed: 5004024755802728812

110812 Fv001 the Eclecticist (level 16, -10/87 HPs)
             Began as a Gargoyle Earth Elementalist on Aug 5, 2021.
             Was a High Priest of Vehumet.
             Mangled by a merfolk impaler (19 damage)
             ... on level 3 of the Shoals on Aug 6, 2021.
             The game lasted 01:59:33 (36805 turns).

Fv001 the Eclecticist (GrEE)                       Turns: 36805, Time: 01:59:33

Health: -10/87     AC: 32    Str: 13    XL:     16   Next: 56%
Magic:  7/35       EV: 10    Int: 28    God:    Vehumet [*****.]
Gold:   2422       SH:  8    Dex: 10    Spells: 6/45 levels left

rFire    + . .     SeeInvis .   a - +5 morningstar (vorpal)
rCold    . . .     Faith    .   P - +0 kite shield
rNeg     + . .     Spirit   .   v - +3 leather armour {rF+}
rPois    ∞         Reflect  .   T - +2 helmet
rElec    +         Harm     .   k - +1 cloak
rCorr    .         Rampage  .   I - +0 pair of gloves {Stlth+}
Will     +....                  A - +2 pair of boots
Stlth    ++++......             (no amulet)
HPRegen  0.24/turn              U - +4 ring of protection
MPRegen  0.24/turn              e - +6 ring of intelligence

@: flying, studying Short Blades
A: sickness immunity, AC +12, big wings, negative energy resistance 1,
electricity resistance, torment resistance 1, petrification resistance
a: Renounce Religion


You were on level 3 of the Shoals.
You worshipped Vehumet.
Vehumet was extremely pleased with you.
You visited 5 branches of the dungeon, and saw 27 of its levels.

You collected 2707 gold pieces.
You spent 285 gold pieces at shops.

Inventory:

Hand Weapons
 a - a +5 vorpal morningstar (weapon)
 b - a +3 dagger of draining
Missiles
 t - 861 stones
 D - 5 throwing nets
Armour
 i - the +1 leather armour of Hedge Wizardry {rElec rN+ rCorr}
   (You found it on level 12 of the Dungeon)

   rElec:     It insulates you from electricity.
   rN:        It protects you from negative energy.
   rCorr:     It protects you from acid and corrosion.
 k - a +1 cloak (worn)
 v - a +3 leather armour of fire resistance (worn)
 A - a +2 pair of boots (worn)
 I - a +0 pair of gloves of stealth (worn)
 P - a +0 kite shield (worn)
 T - a +2 helmet (worn)
Jewellery
 d - a ring of protection from cold
 e - a +6 ring of intelligence (right hand)
 R - a ring of protection from fire
 S - a ring of positive energy
 U - a +4 ring of protection (left hand)
 V - a ring of fire
 X - a ring of protection from cold
Wands
 h - a wand of digging (13)
 o - a wand of charming (20)
 y - a wand of acid (18)
 C - a wand of flame (116)
 N - a wand of iceblast (7)
 Q - a wand of polymorph (9)
 Y - a wand of paralysis (3)
Scrolls
 c - 4 scrolls of amnesia
 f - 4 scrolls of fog {unknown}
 l - a scroll of identify
 n - 7 scrolls of teleportation
 p - 7 scrolls of brand weapon
 r - 8 scrolls of magic mapping
 s - 2 scrolls of blinking {unknown}
 x - 3 scrolls of noise {unknown}
 E - 3 scrolls of fear
 G - a scroll of torment {unknown}
 L - 5 scrolls of immolation
 W - 4 scrolls of summoning
 Z - a scroll of acquirement {unknown}
Potions
 g - 10 potions of curing
 j - 2 potions of attraction {unknown}
 m - 4 potions of magic
 q - 2 potions of invisibility {unknown}
 u - 4 potions of lignification
 w - 3 potions of mutation
 B - a potion of ambrosia {unknown}
 F - 5 potions of haste
 H - 3 potions of heal wounds
 J - 4 potions of flight {unknown}
 K - 3 potions of brilliance
 M - 2 potions of resistance
 O - 2 potions of might {unknown}


   Skills:
 + Level 5.2 Fighting
 + Level 1.3 Short Blades
 + Level 7.8 Maces & Flails
 + Level 4.5 Armour
 + Level 4.5 Dodging
 + Level 6.5 Stealth
 + Level 3.0 Shields
 + Level 15.0 Spellcasting
 + Level 8.3 Conjurations
 + Level 0.9 Translocations
 + Level 5.5 Transmutations
 + Level 5.1 Fire Magic
 + Level 3.2 Ice Magic
 + Level 7.1 Air Magic
 + Level 10.0 Earth Magic
 + Level 12.5 Poison Magic


You had 6 spell levels left.
You knew the following spells:

 Your Spells              Type           Power      Damage    Failure   Level
a - Sandblast             Erth           100%       2d20      1%          1
b - Stone Arrow           Conj/Erth      100%       3d13      1%          3
c - Sting                 Tmut/Pois      100%       1d8       1%          1
d - Poisonous Vapours     Pois/Air       100%       N/A       1%          2
e - Petrify               Tmut/Erth      59%        N/A       6%          4
f - Olgreb's Toxic Radia  Pois           74%        N/A       1%          4
g - Ignite Poison         Fire/Tmut/Pois 59%        N/A       1%          3
h - Shock                 Conj/Air       100%       1d9       1%          1
i - Conjure Flame         Conj/Fire      56%        6-21      1%          3
j - Frozen Ramparts       Ice            78%        1d9       3%          3
k - Freezing Cloud        Conj/Ice/Air   27%        6-21      9%          5
l - Iskenderun's Mystic   Conj/Tloc      46%        2d10      6%          4
m - Lee's Rapid Deconstr  Erth           33%        3d18*     1%          5

Your spell library contained the following spells:

 Spells                   Type           Power      Damage    Failure   Level
 Irradiate                Conj/Tmut      28%        3d23      6%          5
 Beastly Appendage        Tmut           100%       N/A       1%          1
 Foxfire                  Conj/Fire      100%       2x1d9     1%          1
 Passwall                 Tmut/Erth      49%        N/A       1%          2
 Spider Form              Tmut/Pois      32%        N/A       1%          3
 Wereblood                Tmut           51%        N/A       2%          2
 Swiftness                Air            57%        N/A       2%          3
 Airstrike                Air            28%        N/A       2%          4
 Sticky Flame             Conj/Fire      56%        2d7       2%          4
 Hailstorm                Conj/Ice       52%        3d12      3%          4
 Iskenderun's Battlesphe  Conj           61%        2d11      3%          5
 Fulminant Prism          Conj/Hex       22%        3d13      7%          4
 Iron Shot                Conj/Erth      32%        9d7       13%         6
 Eringya's Noxious Bog    Tmut/Pois      32%        N/A       14%         6
 Ice Form                 Ice/Tmut       45%        N/A       24%         4
 Yara's Violent Unravell  Hex/Tmut       18%        3d9       30%         5
 Summon Lightning Spire   Summ/Air       40%        N/A       32%         4
 Summon Guardian Golem    Hex/Summ       21%        N/A       38%         3
 Tukima's Dance           Hex            21%        N/A       38%         3
 Borgnjor's Vile Clutch   Necr/Erth      24%        N/A       45%         5
 Passage of Golubria      Tloc           N/A        N/A       69%         4
 Animate Dead             Necr           10%        N/A       80%         4
 Summon Forest            Summ/Tloc      11%        N/A       97%         5
 Summon Mana Viper        Hex/Summ       21%        N/A       98%         5
 Death Channel            Necr           10%        N/A       100%        6
 Shadow Creatures         Summ           N/A        N/A       100%        6
 Simulacrum               Ice/Necr       15%        N/A       100%        6
 Orb of Destruction       Conj           30%        9d12      65%         7
 Spellforged Servitor     Conj/Summ      22%        N/A       99%         7
 Malign Gateway           Summ/Tloc      11%        N/A       100%        7
 Storm Form               Tmut/Air       27%        N/A       100%        7
 Summon Hydra             Summ           10%        N/A       100%        7
 Maxwell's Capacitive Co  Air            28%        ∞         100%        8
 Summon Horrible Things   Summ           10%        N/A       100%        8
 Fire Storm               Conj/Fire      28%        8d7       100%        9


Dungeon Overview and Level Annotations

Branches:
Dungeon (15/15)            Temple (1/1) D:5            Lair (6/6) D:8
 Shoals (3/4) Lair:2        Snake (0/4) Lair:2        Slime (0/5) Lair:5
    Orc (2/2) D:9             Elf (0/3) Orc:2        Vaults (0/5) D:13
 Depths (0/5) D:15

Altars:
Ashenzari
Cheibriados
Dithmenos
Elyvilon
Fedhas
Gozag
Hepliaklqana
Kikubaaqudgha
Makhleb
Nemelex Xobeh
Okawaru
Qazlal
Ru
Sif Muna
Trog
Uskayaw
Vehumet
Wu Jian
Xom
Yredelemnul
Zin
The Shining One

Shops:
D:3 [   Orc:2 ((*(

Portals:
Trove: D:15 (give 7 scrolls of fear)

Annotations:
D:5 1 runed translucent door, fram's ghost, novice DDFi
Shoals:3 Bai Suzhen; Polyphemus


Innate Abilities, Weirdness & Mutations

You are immune to sickness and miasma.
Your stone body is resilient. (AC +12)
You are immune to poison.
Your large and strong wings let you fly.
You resist negative energy. (rN+)
You are resistant to electric shocks. (rElec)
You are resistant to unholy torment.
You are immune to petrification.


Message History

Aiming: Stone Arrow (safe; 1% risk of failure)
Press: ? - help, Shift-Dir - straight line, f/p - merfolk impaler
Aim: a merfolk impaler, wielding a +4 trident of flaming and wearing a +1 robe of fire resistance (55% to hit)
The stone arrow hits the merfolk impaler!!
The merfolk impaler is moderately wounded.
The merfolk impaler hits you but does no damage.
Casting: Stone Arrow (safe; 1% risk of failure)
Confirm with . or Enter, or press ? or * to list all spells.
Aiming: Stone Arrow (safe; 1% risk of failure)
Press: ? - help, Shift-Dir - straight line, f/p - merfolk impaler
Aim: a merfolk impaler, wielding a +4 trident of flaming and wearing a +1 robe of fire resistance (moderately wounded, 55% to hit)
The stone arrow hits the merfolk impaler!
The merfolk impaler is heavily wounded.
The merfolk impaler hits you from afar with a +4 trident of flaming.
The merfolk impaler hits you from afar with a +4 trident of flaming!
The merfolk impaler burns you.
The merfolk impaler hits you but does no damage.
The merfolk impaler barely misses you.
Things that are here:
a +0 club; a +0 hunting sling You puncture the merfolk impaler!
The merfolk impaler is heavily wounded.
The merfolk impaler hits you with a +4 trident of flaming!!
The merfolk impaler burns you.
* * * LOW HITPOINT WARNING * * *
The merfolk impaler hits you but does no damage.
You miss the merfolk impaler.
The merfolk impaler is heavily wounded.
The merfolk impaler hits you with a +4 trident of flaming!
* * * LOW HITPOINT WARNING * * *
The merfolk impaler burns you.
* * * LOW HITPOINT WARNING * * *
The merfolk impaler hits you with a +4 trident of flaming.
* * * LOW HITPOINT WARNING * * *
The merfolk impaler hits you from afar with a +4 trident of flaming.
* * * LOW HITPOINT WARNING * * *
The merfolk impaler burns you.
* * * LOW HITPOINT WARNING * * *
The merfolk impaler hits you from afar with a +4 trident of flaming!!
You die...

≈≈≈≈≈≈≈≈≈≈≈≈≈≈≈≈≈≈≈≈≈≈≈≈
≈≈≈≈≈≈≈≈≈≈≈≈≈≈≈≈≈≈≈≈≈≈≈≈
≈≈≈≈≈≈≈≈≈≈≈≈≈≈≈≈≈≈≈≈≈≈≈≈
≈≈≈≈≈≈≈≈≈≈≈≈.[..≈≈§≈≈≈≈≈
≈≈≈≈≈≈≈≈≈≈........≈≈≈≈≈≈
≈≈≈≈≈≈≈≈≈.###.....§≈≈≈≈≈
≈≈≈≈≈≈≈)≈..##..≈≈≈≈≈≈≈≈≈
≈≈≈≈≈≈≈.)#.....≈≈....≈≈≈
≈≈≈≈≈≈≈@.##...≈≈..##..≈≈
≈≈≈≈≈≈..)###..≈....##.≈≈
≈≈≈≈≈≈≈)m#...≈≈.......≈≈
≈≈≈≈≈≈≈≈...>.≈≈≈≈....≈≈≈
≈≈≈≈≈≈≈≈≈≈≈..≈≈≈≈≈..≈≈≈≈
≈≈≈≈≈≈≈≈≈≈≈≈≈≈≈≈≈≈≈≈≈≈≈≈
≈≈≈≈≈≈≈≈≈≈≈≈≈≈≈≈≈≈≈≈≈≈≈≈
≈≈≈≈≈≈≈≈≈≈≈≈≈≈≈≈≈≈≈≈≈≈≈≈
≈≈≈≈≈≈≈≈≈≈≈≈≈≈≈≈≈≈≈≈≈≈≈≈


You could see a merfolk impaler.

Vanquished Creatures
  Rupert (D:12)
  A kraken (Shoals:1)
  Gastronok (Lair:2)
  A fire giant (D:15)
  10 hydras
  3 merfolk avatars
  11 two-headed ogres
  2 dancing weapons (D:13)
  2 catoblepae
  A merfolk aquamancer (Shoals:3)
  A death knight (D:13)
  2 tengu warriors
  4 orc high priests (Orc:2)
  2 death yaks (Shoals:3)
  Nergalle (D:12)
  7 skeletal warriors
  6 sea snakes
  4 orc knights
  5 ugly things
  A deep elf pyromancer (D:15)
  9 harpies
  7 fauns
  4 orc sorcerers (Orc:2)
  3 cyclopes
  4 oklob plants (Lair:4)
  7 manticores
  5 merfolk sirens
  Maurice (D:12)
  6 black mambas
  6 elephants (Lair:6)
  3 water nymphs
  A molten gargoyle (D:11)
  2 gargoyles (D:13)
  Psyche (D:10)
  A rime drake (Lair:2)
  10 cane toads
  3 unseen horrors
  An efreet (D:14)
  2 freezing wraiths
  13 komodo dragons
  7 trolls
  7 merfolk
  4 hornets (Lair:6)
  9 polar bears
  A tyrant leech (Lair:5)
  4 wind drakes
  A blink frog (Lair:4)
  7 dream sheep
  5 water elementals
  8 snapping turtles
  5 slime creatures (D:15)
  15 spriggans (Lair:6)
  A shadow (D:6)
  A vampire (D:13)
  2 wyverns
  38 yaks
  2 wraiths
  9 basilisks
  A hog (shapeshifter) (D:15)
  3 steam dragons
  A basilisk (shapeshifter) (D:15)
  7 vampire mosquitoes
  2 nagas (Lair:2)
  3 wargs (D:9)
  2 acid dragons
  2 swamp worms (Lair:5)
  18 water moccasins
  7 black bears
  2 black bears (shapeshifter) (D:15)
  29 orc warriors
  5 ogres
  32 wolves
  4 boggarts (Lair:6)
  A necrophage (D:4)
  19 centaurs
  14 bullfrogs
  4 gnoll sergeants
  A wyvern zombie (D:8)
  2 scorpions
  16 killer bees
  5 wights (D:10)
  4 howler monkeys
  2 lava snakes (D:11)
  2 centaur zombies
  2 gnoll shamans
  25 orc priests
  2 hounds
  A bullfrog skeleton (D:6)
  3 jellies
  3 iguanas (D:6)
  34 orc wizards
  2 killer bee zombies (D:8)
  A howler monkey zombie (D:8)
  8 adders
  29 gnolls
  A shadow imp (D:8)
  2 worms
  6 dart slugs
  85 orcs
  5 bats (D:1)
  7 endoplasms
  2 giant cockroaches
  6 goblins
  4 hobgoblins
  10 jackals
  2 quokkas
  7 ball pythons
  6 frilled lizards
  7 kobolds
  7 rats
  A plant (Shoals:1)
737 creatures vanquished.

Vanquished Creatures (others)
  83 fungi
  115 plants
198 creatures vanquished.

Grand Total: 935 creatures vanquished

Notes
Turn   | Place    | Note
-------+----------+-------------------------------------------
     0 | D:1      | Fv001 the Gargoyle Earth Elementalist began the quest for
                  | the Orb.
     0 | D:1      | Reached XP level 1. HP: 10/10 MP: 3/3
   213 | D:1      | Reached XP level 2. HP: 15/15 MP: 3/5
   661 | D:1      | Reached XP level 3. HP: 19/19 MP: 4/6
   686 | D:1      | Learned a level 3 spell: Stone Arrow
   969 | D:2      | Found a stormy altar of Qazlal.
  1618 | D:2      | Reached XP level 4. HP: 24/24 MP: 7/7
  1853 | D:2      | Learned a level 1 spell: Sting
  1856 | D:2      | Learned a level 2 spell: Poisonous Vapours
  2013 | D:3      | Found Betyaptak's Armour Boutique.
  2076 | D:3      | Reached skill level 1 in Maces & Flails
  2447 | D:3      | Found a faded altar of an unknown god.
  2577 | D:3      | Found a white marble altar of Elyvilon.
  2703 | D:3      | Reached XP level 5. HP: 17/28 MP: 3/9
  2875 | D:3      | Reached skill level 1 in Fighting
  3131 | D:3      | Reached skill level 1 in Poison Magic
  3260 | D:3      | Reached skill level 3 in Spellcasting
  3260 | D:3      | Reached skill level 1 in Transmutations
  3461 | D:3      | Reached skill level 1 in Armour
  3461 | D:3      | Reached XP level 6. HP: 26/34 MP: 5/10
  3646 | D:4      | Noticed a necrophage
  3683 | D:4      | Noticed a water moccasin
  3796 | D:4      | Noticed a black bear
  4264 | D:4      | Killed a water moccasin
  4317 | D:4      | Reached XP level 7. HP: 38/38 MP: 10/12
  4882 | D:4      | Reached skill level 4 in Spellcasting
  4959 | D:5      | Entered Level 5 of the Dungeon
  5044 | D:4      | Reached skill level 5 in Earth Magic
  5426 | D:4      | HP: 1/38 [gnoll (8)]
  5666 | D:4      | Reached XP level 8. HP: 43/43 MP: 5/14
  5770 | D:5      | Found a staircase to the Ecumenical Temple.
  5788 | Temple   | Entered the Ecumenical Temple
  6013 | Temple   | Became a worshipper of Vehumet
  6388 | D:5      | Noticed a wyvern
  6398 | Temple   | Reached skill level 5 in Spellcasting
  6540 | Temple   | Killed a wyvern
  6723 | D:5      | Learned a level 4 spell: Petrify
  6776 | D:5      | Found a runed translucent door.
  6776 | D:5      | Noticed fram's ghost (novice DDFi)
  6834 | D:5      | Reached skill level 1 in Air Magic
  7086 | D:5      | Learned a level 4 spell: Olgreb's Toxic Radiance
  7090 | D:5      | Learned a level 3 spell: Ignite Poison
  7182 | D:6      | Noticed a shadow
  7195 | D:6      | Killed a shadow
  7196 | D:6      | Reached XP level 9. HP: 40/48 MP: 15/17
  7680 | D:6      | Reached * piety under Vehumet
  7680 | D:6      | Offered knowledge of Shock by Vehumet.
  7702 | D:6      | Reached skill level 6 in Spellcasting
  7707 | D:6      | Learned a level 1 spell: Shock
  9004 | D:7      | Identified the +6 war axe of Sunlight {freeze, rC+ rN+
                  | Dex+4}
  9095 | D:3      | Bought a +1 pair of boots for 126 gold pieces
  9190 | D:7      | Identified the +1 robe of Dyinif {Slay+6}
  9336 | D:7      | Found a burning altar of Makhleb.
  9430 | D:7      | Reached skill level 1 in Conjurations
  9776 | D:7      | Found an ancient bone altar of Kikubaaqudgha.
  9837 | D:7      | Noticed a troll
  9841 | D:7      | Killed a troll
 10143 | D:8      | Reached skill level 7 in Spellcasting
 10143 | D:8      | Reached XP level 10. HP: 56/56 MP: 9/20
 10146 | D:8      | Reached skill level 5 in Poison Magic
 10161 | D:7      | Learned a level 3 spell: Conjure Flame
 10449 | D:8      | Noticed a two-headed ogre
 10452 | D:8      | Killed a two-headed ogre
 10453 | D:8      | Reached skill level 1 in Fire Magic
 10530 | D:8      | Noticed a purple ugly thing
 10539 | D:8      | Killed a purple ugly thing
 10645 | D:8      | Reached ** piety under Vehumet
 10659 | D:8      | Offered knowledge of Static Discharge by Vehumet.
 10907 | D:8      | Found a hazy altar of Hepliaklqana.
 10934 | D:8      | Reached skill level 5 in Maces & Flails
 11176 | D:8      | Reached skill level 8 in Spellcasting
 11573 | D:8      | Reached XP level 11. HP: 32/60 MP: 11/23
 11727 | D:8      | Found a staircase to the Lair.
 12405 | D:9      | Offered knowledge of Frozen Ramparts by Vehumet.
 12410 | D:9      | Learned a level 3 spell: Frozen Ramparts
 12480 | D:9      | Reached *** piety under Vehumet
 12499 | D:9      | Found a staircase to the Orcish Mines.
 12502 | D:9      | Offered knowledge of Airstrike by Vehumet.
 12671 | D:9      | Noticed a two-headed ogre
 12678 | D:9      | Killed a two-headed ogre
 12841 | D:9      | Reached skill level 9 in Spellcasting
 13294 | Orc:1    | Entered Level 1 of the Orcish Mines
 13301 | Orc:1    | Reached **** piety under Vehumet
 13359 | Orc:1    | Offered knowledge of Freezing Cloud by Vehumet.
 13449 | Orc:1    | Noticed a cyclops
 13455 | Orc:1    | Killed a cyclops
 13844 | Orc:1    | Found a shimmering blue altar of Sif Muna.
 13939 | Orc:1    | Reached skill level 1 in Shields
 14350 | Orc:2    | Entered Level 2 of the Orcish Mines
 14350 | Orc:2    | Found a bloodstained altar of Trog.
 14496 | Orc:1    | Noticed a two-headed ogre
 14501 | Orc:1    | Killed a two-headed ogre
 14502 | Orc:1    | Reached XP level 12. HP: 66/66 MP: 19/25
 14508 | Orc:1    | Learned a level 5 spell: Freezing Cloud
 14634 | Orc:2    | Noticed an orc high priest
 14637 | Orc:2    | Killed an orc high priest
 14637 | Orc:2    | Reached ***** piety under Vehumet
 14638 | Orc:2    | Reached skill level 10 in Spellcasting
 14641 | Orc:2    | Offered knowledge of Ozocubu's Refrigeration by Vehumet.
 15087 | Orc:2    | Found a staircase to the Elven Halls.
 15127 | Orc:2    | Found Zozxa's Antique Weapon Boutique.
 15132 | Orc:2    | Noticed an orc high priest
 15134 | Orc:2    | Noticed an orc high priest
 15139 | Orc:2    | Killed an orc high priest
 15141 | Orc:2    | Killed an orc high priest
 15153 | Orc:2    | Noticed an orc high priest
 15447 | Orc:1    | Reached skill level 5 in Stealth
 15976 | Orc:2    | Killed an orc high priest
 16110 | Orc:2    | Found Wupoh's Weapon Shoppe.
 16114 | Orc:2    | Found Ynyadat's General Store.
 16120 | Orc:2    | Bought a potion of degeneration for 11 gold pieces
 16120 | Orc:2    | Bought a scroll of amnesia for 38 gold pieces
 16120 | Orc:2    | Bought a potion of curing for 33 gold pieces
 16120 | Orc:2    | Bought 2 scrolls of immolation for 77 gold pieces
 16124 | Orc:2    | Found Gogreud's Weapon Boutique.
 16214 | D:10     | Entered Level 10 of the Dungeon
 16249 | D:10     | Noticed a two-headed ogre
 16251 | D:10     | Killed a two-headed ogre
 16252 | D:10     | Reached skill level 5 in Air Magic
 16385 | D:10     | Found a shadowy altar of Dithmenos.
 16388 | D:10     | Found a bloodstained altar of Trog.
 16396 | D:10     | Found an opulent altar of Gozag.
 16399 | D:10     | Found a shimmering blue altar of Sif Muna.
 16602 | D:10     | Reached skill level 11 in Spellcasting
 17043 | D:10     | Noticed Psyche
 17048 | D:10     | Killed Psyche
 17394 | D:11     | Noticed a two-headed ogre
 17400 | D:11     | Noticed a two-headed ogre
 17401 | D:11     | Killed a two-headed ogre
 17402 | D:11     | Reached XP level 13. HP: 71/71 MP: 16/28
 17766 | D:11     | Reached skill level 1 in Ice Magic
 17766 | D:11     | Reached skill level 10 in Poison Magic
 18114 | Lair:1   | Entered Level 1 of the Lair of Beasts
 18710 | Lair:1   | Offered knowledge of Iskenderun's Mystic Blast by Vehumet.
 18740 | Lair:1   | Learned a level 4 spell: Iskenderun's Mystic Blast
 19390 | Lair:2   | Reached skill level 12 in Spellcasting
 19489 | Lair:2   | Found a staircase to the Shoals.
 19702 | Lair:2   | Found a staircase to the Snake Pit.
 20090 | Lair:2   | Reached skill level 5 in Conjurations
 20254 | Lair:2   | Noticed Gastronok
 20263 | Lair:2   | Killed Gastronok
 21763 | Lair:4   | Gained mutation: Your large and strong wings let you fly.
                  | [Gargoyle growth]
 21763 | Lair:4   | Reached XP level 14. HP: 76/76 MP: 17/30
 23103 | Lair:5   | Got Jericegg's Reference Book on Execration and Arcane
                  | Weapons
 23368 | Lair:5   | Offered knowledge of Starburst by Vehumet.
 23505 | Lair:5   | Found a staircase to the Slime Pits.
 24036 | Lair:6   | Entered Level 6 of the Lair of Beasts
 24419 | Lair:6   | Reached skill level 13 in Spellcasting
 25669 | Lair:6   | Identified the +0 robe "Neomn" {-Tele rF+ Dex+3 Archmagi}
 25997 | Lair:6   | Offered knowledge of Lee's Rapid Deconstruction by Vehumet.
 25998 | Lair:6   | Reached XP level 15. HP: 81/81 MP: 32/32
 26004 | Lair:6   | Learned a level 5 spell: Lee's Rapid Deconstruction
 26366 | Lair:6   | Found a blossoming altar of Fedhas.
 26875 | D:12     | Noticed Maurice
 26883 | D:12     | Killed Maurice
 26912 | D:12     | Noticed Nergalle
 27131 | D:12     | Killed Nergalle
 27797 | D:12     | Reached skill level 5 in Transmutations
 27874 | D:12     | Noticed Rupert
 28012 | D:12     | Killed Rupert
 28013 | D:12     | Reached skill level 5 in Fighting
 28123 | D:12     | Identified the +1 leather armour of Hedge Wizardry {rElec
                  | rN+ rCorr}
 28172 | D:12     | Got Sif Muna's Volume of Lightness
 29488 | D:13     | Reached skill level 14 in Spellcasting
 29548 | D:13     | Found a gate to the Vaults.
 31139 | D:14     | Found an ornate altar of the Wu Jian Council.
 31271 | D:15     | Entered Level 15 of the Dungeon
 31458 | D:15     | Offered knowledge of Conjure Ball Lightning by Vehumet.
 31521 | D:15     | Reached skill level 1 in Short Blades
 32062 | D:15     | Found a stormy altar of Qazlal.
 32068 | D:15     | Noticed a fire giant
 32076 | D:15     | Killed a fire giant
 32248 | D:15     | Found a staircase to the Depths.
 33316 | D:15     | Found a portal to a secret trove of treasure.
 33583 | Shoals:1 | Entered Level 1 of the Shoals
 33918 | Shoals:1 | Reached XP level 16. HP: 68/87 MP: 30/34
 34311 | Shoals:1 | Noticed a kraken
 34324 | Shoals:1 | Killed a kraken
 34913 | Shoals:2 | Reached skill level 5 in Fire Magic
 35547 | Shoals:2 | Offered knowledge of Irradiate by Vehumet.
 35924 | Shoals:3 | Noticed Polyphemus
 35932 | Shoals:3 | Reached skill level 10 in Earth Magic
 35933 | Shoals:3 | Noticed Bai Suzhen
 36691 | Shoals:3 | Reached skill level 15 in Spellcasting
 36805 | Shoals:3 | Mangled by a merfolk impaler

Illustrated notes

Levels and vault maps discovered:
D:1:      dpeg_arrival_yet_another_circle, layout_loops_ring
D:2:      layout_loops_corners, basic_altar
D:3:      layout_rooms, marbit_many_paths, serial_shops,
          nicolae_shop_waterfront, shapermc_ecumenical_altar_flowoftime
D:4:      layout_layer_cave
D:5:      kennysheep_steamy, layout_cave_pools, minmay_temple_entry_slanted,
          gammafunk_ghost_grave
D:6:      layout_layer_cave
D:7:      layout_basic, lemuel_doored_altar,
          nicolae_kikubaaqudgha_miasma_corner, minmay_misc_feat_rows,
          minmay_holes
D:8:      minmay_opposing_rooms, layout_basic, lemuel_tele_altar,
          due_lair_maze_entry_diamond, minmay_increasing_density
D:9:      layout_cave_pools, hiddenorc2_lemuel, hangedman_abyss_or_decor_clamps
D:10:     layout_long_grid, grunt_temple_overflow_cloverleaf, uniq_psyche
D:11:     layout_big_octagon
D:12:     layout_rooms, serial_bayou_ford_a, uniq_nergalle, uniq_rupert,
          uniq_maurice
D:13:     layout_basic, erik_vaults_1
D:14:     layout_cave_pods, nicolae_wu_jian_immortal_techniques,
          hangedman_decor_peaks_small
D:15:     grunt_enter_depths_giant_problem, layout_stronghold,
          nicolae_qazlal_eye_of_the_storm, nicolae_trove_entry_diagonal
Temple:   dpeg_chambers_temple
Lair:1:   layout_cellular_growth, serial_bayou_shore_b
Lair:2:   layout_regular_city, elwin_shoals_entry_stream,
          minmay_snake_entry_guardpost_small, grunt_megastairs_4,
          infiniplex_staircase_pool, uniq_gastronok
Lair:3:   layout_roguey
Lair:4:   layout_cave_shapes, grunt_megastairs_5, minmay_lair_oklob_chamber
Lair:5:   layout_long_grid, dpeg_slime_entry_corner, worms_lemuel
Lair:6:   minmay_lair_end_enchanted_forest, layout_cave_pods,
          lemuel_centaur_altar, lemuel_fruit_tree
Shoals:1: layout_shoals
Shoals:2: layout_shoals, argonaut_gorgonesque
Shoals:3: layout_shoals, uniq_bai_suzhen, uniq_kirke, uniq_ilsuiw,
          uniq_polyphemus
Orc:1:    layout_diamond_mine, led_sif_book
Orc:2:    st_orc_elflike, layout_caves, basic_altar,
          nicolae_orc_flooded_monolith

Skill      XL: |  1  2  3  4  5  6  7  8  9 10 11 12 13 14 15 16 |
---------------+-------------------------------------------------+-----
Earth Magic    | 4 5 6 7 8 9 10 | 10.0
Maces & Flails | 1 2 3 4 5 6 7 |  7.8
Stealth        | 3 4 5 6 |  6.5
Fighting       | 1 2 3 4 5 |  5.2
Poison Magic   | 1 2 3 4 6 8 9 10 11 12 | 12.5
Spellcasting   | 3 4 5 7 8 9 11 12 13 14 15 | 15.0
Transmutations | 1 2 3 4 5 |  5.5
Armour         | 1 2 3 4 |  4.5
Dodging        | 2 3 4 |  4.5
Air Magic      | 1 2 3 4 5 6 7 |  7.1
Conjurations   | 1 2 3 5 6 7 8 |  8.3
Fire Magic     | 1 2 3 4 5 |  5.1
Shields        | 1 2 3 |  3.0
Ice Magic      | 2 3 |  3.2
Short Blades   | 1 |  1.3
Translocations | |  0.9

Action                   |  1- 3 |  4- 6 |  7- 9 | 10-12 | 13-15 | 16-18 || total
-------------------------+-------+-------+-------+-------+-------+-------++-------
Melee: Mace              |    63 |    76 |    10 |       |       |       ||   149
       Dagger            |       |     1 |       |    11 |    16 |     9 ||    37
       Morningstar       |       |       |    77 |   170 |   206 |    33 ||   486
 Cast: Sandblast         |    37 |     7 |    32 |     2 |     6 |     4 ||    88
       Sting             |       |    59 |    51 |     2 |     4 |       ||   116
       Stone Arrow       |       |     5 |    11 |    53 |   180 |    34 ||   283
       Poisonous Vapours |       |       |    32 |   106 |   111 |    42 ||   291
       Shock             |       |       |    22 |    42 |    40 |     5 ||   109
       Ignite Poison     |       |       |     3 |    46 |    64 |    33 ||   146
       Olgreb's Toxic Ra |       |       |     3 |    45 |    36 |     7 ||    91
       Conjure Flame     |       |       |       |     3 |     3 |       ||     6
       Petrify           |       |       |       |     6 |     7 |     2 ||    15
       Frozen Ramparts   |       |       |       |     1 |     5 |       ||     6
       Freezing Cloud    |       |       |       |     5 |    82 |     8 ||    95
       Iskenderun's Myst |       |       |       |       |    23 |     4 ||    27
       Lee's Rapid Decon |       |       |       |       |    31 |     4 ||    35
Evoke: Wand              |       |       |       |       |     5 |       ||     5
  Use: Scroll            |     3 |     1 |     2 |     1 |    11 |     6 ||    24
       Potion            |       |     1 |     3 |       |     3 |     1 ||     8
 Stab: Sleeping          |     3 |     3 |     3 |     3 |     1 |       ||    13
       Petrified         |       |       |       |     9 |    14 |     9 ||    32
Armor: Robe              |     2 |       |       |       |       |       ||     2
       Leather armour    |    26 |    21 |    80 |   140 |   217 |    94 ||   578
Dodge: Dodged            |    43 |    56 |    77 |   132 |   161 |    41 ||   510
Block: Buckler           |       |       |       |    27 |    47 |     4 ||    78
       Kite shield       |       |       |       |       |       |    26 ||    26
